 Dungeon Crawl Stone Soup version 0.27-a0-412-g8dd771eca2 (webtiles) character file.

Game seed: 7673376624473680090

118 dickylongcocking the Caller (level 4, -1/24 HPs)
             Began as a Deep Elf Summoner on Feb 24, 2021.
             Slain by a howler monkey (8 damage)
             ... on level 3 of the Dungeon.
             The game lasted 00:03:25 (5696 turns).

dickylongcocking the Caller (Deep Elf Summoner)     Turns: 5696, Time: 00:03:26

Health: -1/24      AC:  2    Str:  5      XL:     4   Next: 72%
Magic:  10/13      EV: 13    Int: 20 (21) God:
Gold:   112        SH:  0    Dex: 19 (21) Spells: 7/13 levels left

rFire    . . .     SeeInvis .   c - +0 dagger
rCold    . . .     Faith    .   (no shield)
rNeg     . . .     Spirit   .   a - +0 robe
rPois    .         Reflect  .   (no helmet)
rElec    .         Harm     .   (no cloak)
rCorr    .         Rampage  .   (no gloves)
Will     .....     Clarity  +   (no boots)
Stlth    ++........             (no amulet)
HPRegen  0.08/turn              e - +6 ring of dexterity
MPRegen  0.13/turn              l - ring of wizardry

@: no status effects
A: clarity, deterioration 1
a: no special abilities


You were on level 3 of the Dungeon.
You visited 1 branch of the dungeon, and saw 4 of its levels.

You collected 112 gold pieces.

Inventory:

Hand Weapons
 c - a +0 dagger (weapon)
Armour
 a - a +0 robe (worn)
Jewellery
 e - a +6 ring of dexterity (left hand)
 l - a ring of wizardry (right hand)
Scrolls
 b - 10 scrolls of identify {unknown}
 j - a scroll of magic mapping {unknown}
 k - a scroll of teleportation {unknown}
 m - a scroll of blinking {unknown}
Potions
 d - a potion of heal wounds {unknown}
 f - a potion of resistance {unknown}
 g - a potion of lignification {unknown}
 h - a potion of cancellation {unknown}
 i - a potion of haste
 n - 2 potions of curing
 o - a potion of berserk rage {unknown}


   Skills:
 - Level 2.5 Dodging
 - Level 2.4 Stealth
 * Level 5.0 Spellcasting
 * Level 5.7 Summonings


You had 7 spell levels left.
You knew the following spells:

 Your Spells              Type           Power        Failure   Level
a - Summon Small Mammal   Summ           100%         1%          1
b - Call Imp              Summ           28%          1%          2
c - Call Canine Familiar  Summ           28%          1%          3

Your spell library contained the following spells:

 Spells                   Type           Power        Failure   Level
 Summon Guardian Golem    Hex/Summ       16%          4%          3
 Summon Ice Beast         Ice/Summ       16%          14%         4
 Summon Lightning Spire   Summ/Air       16%          14%         4


Dungeon Overview and Level Annotations

Branches:
Dungeon (4/15)
 Temple: D:4-7

Altars:
Hepliaklqana
Trog


Innate Abilities, Weirdness & Mutations

You possess an exceptional clarity of mind.
Your body sometimes deteriorates upon taking damage.


Message History

The adder bites you.
Your body deteriorates!
You feel clumsy.
Your hound barely misses the adder.
You miss the adder.
The adder is moderately wounded.
The adder barely misses you.
Your hound closely misses the adder.
The adder barely misses you.
Your hound bites the adder.
You barely miss the adder.
The adder is heavily wounded.
Your hound barely misses the adder.
The adder bites you.
You closely miss the adder.
The adder is heavily wounded.
Your hound bites the adder.
The adder dies!
A howler monkey comes into view.
A howler monkey is nearby!
You swap places.
A howler monkey is nearby!
The howler monkey hoots and howls with incredible vigour!
You hear a shout!
There is a stone staircase leading up here.
The howler monkey hoots and howls with incredible vigour!
You barely miss the howler monkey. The howler monkey hits you.
You hit the howler monkey.
The howler monkey is lightly wounded.
The howler monkey closely misses you.
You completely miss the howler monkey.
The howler monkey is lightly wounded.
Your hound disappears in a puff of smoke!
The howler monkey hits you. x2
* * * LOW HITPOINT WARNING * * *
Unknown command.
There is a stone staircase leading up here.
Casting: Call Canine Familiar (safe; 1% risk of failure)
Confirm with . or Enter, or press ? or * to list all spells.
Okay, then.
Casting: Call Canine Familiar (safe; 1% risk of failure)
Confirm with . or Enter, or press ? or * to list all spells.
The howler monkey hits you!
You die...

#.# #.# #)# #.# #.#
#.# #.# #####.# #.#
####...... #.#
#......... #.#
#.##.###..
#.#########.##.#####
#.h@....)..........#
#.h########.########
#.<...# ###.#...h.#.
##.##.###...##.##.##
#.....รท...##)##.##.
#..#)###.#.#..#..#.
#... # #..##.##.##.
##.#. ##.##..#..#..
.#.##...##.##h##.


You could see a howler monkey (ally target) and a friendly hound (summoned).

Vanquished Creatures
  An adder (D:3)
  An ooze (D:2)
  2 leopard geckos
  An orc (D:3)
  A ball python (D:2)
  2 giant cockroaches
  4 goblins
  2 hobgoblins
  3 jackals
  A bat (D:2)
  4 frilled lizards
  3 kobolds
  3 rats
28 creatures vanquished.

Vanquished Creatures (collateral kills)
  A bullfrog skeleton (D:4)
  4 adders
  2 worms
  A dart slug (D:2)
  3 leopard geckos
  2 orcs (D:3)
  5 bats
  5 giant cockroaches
  7 goblins
  2 hobgoblins
  2 jackals (D:2)
  A ball python (D:2)
  A jackal skeleton (D:4)
  2 kobolds
  3 rats
41 creatures vanquished.

Grand Total: 69 creatures vanquished

Notes
Turn   | Place    | Note
-------+----------+-------------------------------------------
     0 | D:1      | dickylongcocking the Deep Elf Summoner began the quest for
                  | the Orb.
     0 | D:1      | Reached XP level 1. HP: 10/10 MP: 6/6
  1046 | D:1      | Reached XP level 2. HP: 5/15 MP: 0/8
  1053 | D:1      | Learned a level 2 spell: Call Imp
  2540 | D:2      | Found a hazy altar of Hepliaklqana.
  2553 | D:2      | Reached skill level 5 in Summonings
  2869 | D:2      | You fall into a shaft and drop 2 floors!
  2964 | D:4      | Reached XP level 3. HP: 3/19 MP: 6/10
  2966 | D:4      | Gained mutation: You are frail. (-10% HP) [potion of
                  | mutation]
  2966 | D:4      | Gained mutation: Your body sometimes deteriorates upon
                  | taking damage. [potion of mutation]
  2966 | D:4      | Lost mutation: You are frail. (-10% HP) [potion of
                  | mutation]
  2966 | D:4      | Gained mutation: You possess an exceptional clarity of
                  | mind. [potion of mutation]
  3946 | D:2      | Reached XP level 4. HP: 14/24 MP: 12/12
  4083 | D:2      | Learned a level 3 spell: Call Canine Familiar
  4990 | D:3      | Found a bloodstained altar of Trog.
  5507 | D:3      | Reached skill level 5 in Spellcasting
  5696 | D:3      | Slain by a howler monkey

Illustrated notes

Levels and vault maps discovered:
D:1:      moated_graveyard_arrival, layout_basic
D:2:      layout_loops_ring, old_standard_altar
D:3:      minmay_angry_zag, layout_loops_ring, trog_butcher_becter
D:4:      layout_loops_corners

Skill      XL: |  1  2  3  4 |
---------------+-------------+-----
Summonings     | 5 |  5.7
Spellcasting   | 4 5 |  5.0
Dodging        | |  2.5
Stealth        | |  2.4

Action                   |  1- 3 |  4- 6 || total
-------------------------+-------+-------++-------
Melee: Unarmed           |     7 |       ||     7
       Dagger            |   116 |    85 ||   201
 Cast: Summon Small Mamm |    45 |       ||    45
       Call Imp          |    20 |     2 ||    22
       Call Canine Famil |       |    11 ||    11
  Use: Potion            |     4 |       ||     4
 Stab: Sleeping          |     6 |     4 ||    10
       Distracted        |       |     1 ||     1
Armor: Robe              |    38 |    10 ||    48
Dodge: Dodged            |   123 |    84 ||   207

Table legend: (Time is in decaauts)
 A = Elapsed time spent in this place.
 B = Non-inter-level travel time spent in this place.
 C = Inter-level travel time spent in this place.
 D = Time resting spent in this place.
 E = Time spent auto-exploring this place.
 F = Levels seen in this place.
 G = Mean time per level.
                   A        B        C        D        E       F      G
               +--------+--------+--------+--------+--------+-----+--------+
         Total |   5675 |   5589 |     86 |   1109 |   3780 |   4 | 1418.8 |
       Dungeon |   5675 |   5589 |     86 |   1109 |   3780 |   4 | 1418.8 |
               +--------+--------+--------+--------+--------+-----+--------+

Top non-repeatable levels by time:
     D:1: 2431 daAuts
     D:2: 1502 daAuts
     D:3: 932 daAuts
     D:4: 808 daAuts
